 Dungeon Crawl Stone Soup version 0.28-a0-697-g47f3eba078 (webtiles) character file.

Game seed: 14377150893632406578

10 quinnr the Gusty (level 2, -1/15 HPs)
             Began as a Tengu Air Elementalist on Oct 23, 2021.
             Slain by a kobold (5 damage)
             ... on level 1 of the Dungeon.
             The game lasted 00:01:07 (349 turns).

quinnr the Gusty (Tengu Air Elementalist)            Turns: 349, Time: 00:01:07

Health: -1/15      AC:  2    Str:  8    XL:     2   Next: 20%
Magic:  0/6        EV: 11    Int: 15    God:
Gold:   20         SH:  3    Dex: 14    Spells: 4/5 levels left

rFire   . . .      SeeInvis .   d - +0 dagger
rCold   . . .      Faith    .   b - +0 buckler
rNeg    . . .      Spirit   .   a - +0 robe
rPois   .          Reflect  .   (helmet restricted)
rElec   .          Harm     .   (no cloak)
rCorr   .          Rampage  .   (no gloves)
Will    .....                   (boots unavailable)
Stlth   ++........              (no amulet)
HPRegen 0.05/turn               (no ring)
MPRegen 0.10/turn               (no ring)

@: no status effects
A: beak, talons 3
a: no special abilities


You were on level 1 of the Dungeon.
You visited 1 branch of the dungeon, and saw 1 of its levels.

You collected 20 gold pieces.

Inventory:

Hand Weapons
 d - a +0 dagger (weapon)
Armour
 a - a +0 robe (worn)
 b - a +0 buckler (worn)
Scrolls
 c - a scroll of identify {unknown}


   Skills:
 - Level 2.1 Dodging
 - Level 2.0 Stealth
 + Level 0.2 Shields
 + Level 2.2 Spellcasting
 - Level 1.3 Conjurations
 + Level 4.4 Air Magic


You had 4 spell levels left.
You knew the following spells:

 Your Spells              Type           Power      Damage    Failure   Level
a - Shock                 Conj/Air       40%        1d5       11%         1

Your spell library contained the following spells:

 Spells                   Type           Power      Damage    Failure   Level
 Static Discharge         Conj/Air       10%        N/A       16%         2
 Swiftness                Air            15%        N/A       17%         3
 Airstrike                Air            7%         N/A       50%         4


Dungeon Overview and Level Annotations

Branches:
Dungeon (1/15)

Altars:


Innate Abilities, Weirdness & Mutations

You have a beak for a mouth.
You have claws for feet.


Message History

The goblin shouts!
Your peck misses the goblin.
The goblin is moderately wounded.
You block the goblin's attack.
You hit the goblin. You claw the goblin.
You kill the goblin!
A kobold comes into view. It is wielding a +0 short sword.
Things that are here:
a +0 dagger; a goblin corpse The kobold shouts!
You hit the goblin but do no damage. You claw the goblin. You peck the goblin.
You kill the goblin!
The kobold throws a stone.
The stone hits you but does no damage.
Things that are here:
a +0 dagger; a goblin corpse
d - a +0 dagger The kobold throws a stone.
The stone misses you.
d - a +0 dagger (weapon)
The kobold throws a stone.
The stone barely misses you. The kobold closely misses you.
You hit the kobold but do no damage.
The kobold hits you with a +0 short sword.
You hit the kobold but do no damage. You claw the kobold.
The kobold is moderately wounded.
The kobold hits you with a +0 short sword.
The zap hits the kobold.
The kobold is severely wounded.
The kobold hits you with a +0 short sword.
* * * LOW HITPOINT WARNING * * *
You are too injured to fight recklessly!
You barely miss the kobold.
The kobold is severely wounded.
The kobold completely misses you.
You closely miss the kobold.
The kobold is severely wounded.
The kobold barely misses you. You block the kobold's attack.
You hit the kobold but do no damage. Your kick misses the kobold.
The kobold is severely wounded.
The kobold hits you with a +0 short sword.
You die...

.......... ........ ......+
####.....+## .....
#..........# .....
..#..........#+##....
)....†..K..........# .
#.@..........# #..
#............#
#....#####†..........#
#........)...........#
#....................#
#.............####†..#
#...[.........#......##..
##............#............
#######......#...#........


You could see a kobold.

Vanquished Creatures
  An endoplasm (D:1)
  2 goblins (D:1)
  2 hobgoblins (D:1)
  2 quokkas (D:1)
  A bat (D:1)
8 creatures vanquished.

Notes
Turn   | Place    | Note
-------+----------+-------------------------------------------
     0 | D:1      | quinnr the Tengu Air Elementalist began the quest for the
                  | Orb.
     0 | D:1      | Reached XP level 1. HP: 10/10 MP: 4/4
   325 | D:1      | Reached XP level 2. HP: 15/15 MP: 0/6
   349 | D:1      | Slain by a kobold

Illustrated notes

Levels and vault maps discovered:
D:1:      saegor_arrival_simple_b, layout_basic

Action                   || total
-------------------------++-------
Melee: Unarmed           ||     9
       Kick              ||     4
       Dagger            ||     5
       Peck              ||     2
 Cast: Shock             ||    16
Armor: Robe              ||     2
Dodge: Dodged            ||    10
Block: Buckler           ||     2

Table legend: (Time is in decaauts)
 A = Elapsed time spent in this place.
 B = Non-inter-level travel time spent in this place.
 C = Inter-level travel time spent in this place.
 D = Time resting spent in this place.
 E = Time spent auto-exploring this place.
 F = Levels seen in this place.
 G = Mean time per level.
                   A        B        C        D        E       F      G
               +--------+--------+--------+--------+--------+-----+--------+
         Total |    349 |    345 |      4 |      2 |    251 |   1 |  349.0 |
       Dungeon |    349 |    345 |      4 |      2 |    251 |   1 |  349.0 |
               +--------+--------+--------+--------+--------+-----+--------+

Top non-repeatable levels by time:
     D:1: 349 daAuts
